Reign vs IceHogs

Created - 14 octobre 2023 at 09:37

Goals
1 2 3 T
Reign 0 2 2 4
IceHogs 1 3 2 6
Shots
1 2 3 T
Reign 6 10 9 25
IceHogs 7 17 13 37

GoalsPenalties
1st period
1. IceHogs , Joël Teasdale 3 (Mason Shaw 12, Tommy Cross 4) at 17:22
Tyler Bozak (LOS) for Roughing (Minor) at 11:05
2nd period
2. IceHogs , Zach O'Brien 1 (Jean-Sébastien Dea 4, Luke Stevens 1) at 0:58
3. IceHogs , Mason Shaw 7 (Curtis McKenzie 4) at 3:39
4. Reign , Alexander Holtz 2 (Fredrik Olofsson 6) at 3:56
5. Reign , Alexander Holtz 3 (Robin Salo 5) at 14:52
6. IceHogs , Jean-Sébastien Dea 5 (Luke Stevens 2, Curtis McKenzie 5) at 17:43
Victor Soderstrom (CHI) for Tripping (Minor) at 5:23
Mason Shaw (CHI) for Holding (Minor) at 8:17
Nick DeSimone (CHI) for Tripping (Minor) at 18:17
3rd period
7. IceHogs , Zach Jordan 2 (Victor Soderstrom 5, Dylan McLaughlin 2) at 6:42
8. IceHogs , Kyle Rau 5 (Andrew Agozzino 5) at 7:31
9. Reign , Elliot Desnoyers 6 (Tyler Bozak 6, Oliver Kylington 7) at 8:15
10. Reign , Alexander Holtz 4 (Robbie Russo 6, Tyler Bozak 7) at 12:06
Joël Teasdale (CHI) for Fighting (Major) at 8:18
Michael Kesselring (LOS) for Fighting (Major) at 8:18
Sean Couturier (LOS) for Boarding (Minor) at 18:24
Goalie Stats
Jet Greaves (LOS), 23 saves from 29 shots - (0,793), L, 8-9-3, 47:31 minutes
Vadim Zherenko (LOS), 8 saves from 8 shots - (1,000), 12:29 minutes
Filip Gustavsson (CHI), 21 saves from 25 shots - (0,840), W, 13-5-3, 60:00 minutes
3 StarsOfficial
1 - Alexander Holtz (LOS)
2 - Jean-Sébastien Dea (CHI)
3 - Zach Jordan (CHI)
Referees : Beaudry Halkidis and T.J. Luxmore
Linesman : Alex Blair and Jonathan Deschamps
Game Note
Vadim Zherenko enters game at 7:31 of 3rd period
Joël Teasdale and Michael Kesselring fight to a draw at 8:18 of 3rd period
Alexander Holtz has scored a Hat Trick!



Team Name Goals Shots Shots Attemp Shots Blocked PIM HIT PP PK FO%
Reign 42537139130 / 3 (0%)040%
IceHogs 63779711250 / 2 (0%)060%

Reign
Player Name POS G A P +/- PIM HIT SHT SB MP PP MP PP SHT PK MP PK SHT FO% FOT GA TA
Alexander HoltzLW/RW3032028017:140:0900:0000% 312
Carsen TwarynskiLW000-4010118:332:0901:1600% 000
Cole McWardD0000001110:050:0000:0000% 010
David GustRW000-1020010:500:0000:0000% 100
Elliot DesnoyersC/LW101-3013022:441:5800:07029% 700
Fredrik OlofssonLW0110014026:013:0501:59033% 601
Lukas RousekRW000-4011114:520:0000:0000% 001
Matej BlumelLW000000000:000:0000:0000% 000
Michael KesselringD000-1511023:313:3202:1000% 000
Nathan SmithC000000006:541:5001:3500% 100
Nolan StevensLW000000004:320:1100:1900% 000
Oliver KylingtonD011-2002429:201:5402:0010% 011
Robbie RussoD011-2000122:182:2501:2400% 000
Robin SaloD0110001427:504:0301:1900% 000
Ryan JonesD000101006:250:0000:1500% 000
Sean CouturierC0002212021:303:0500:56041% 1701
Spencer SmallmanRW0001010113:052:0800:000100% 100
Tyler BozakC/RW0221212020:393:1610:56056% 1600
IceHogs
Player Name POS G A P +/- PIM HIT SHT SB MP PP MP PP SHT PK MP PK SHT FO% FOT GA TA
Alex PetersD000-1012022:131:4403:2200% 020
Andrew AgozzinoC/LW0110022017:301:2401:27060% 1010
Anthony BitettoD0002010111:010:0000:0000% 000
Cameron GaunceD000-1000121:371:4402:0400% 001
Curtis McKenzieLW0220005123:082:1003:0510% 000
Dylan McLaughlinC011103109:420:0001:16050% 400
Graham McPheeLW000100018:130:0000:0000% 000
Jean-Sébastien DeaC1120022015:310:0001:330100% 500
Joël TeasdaleLW/RW1011503015:382:1000:0000% 001
Kyle RauLW1010013118:281:2402:2000% 000
Luke StevensLW022101309:350:0000:0000% 100
Mason ShawC/LW1120227022:192:1022:13056% 3200
Nick DeSimoneD0001221225:461:5002:1300% 021
Pierrick DubéRW0000032015:591:2400:0000% 000
Tommy CrossD0112030013:180:0001:4800% 000
Victor SoderstromD0111201026:131:5002:2700% 010
Zach JordanRW101103208:130:0000:0000% 000
Zach O'BrienRW101101309:350:0000:0000% 000

Reign

5 vs 5 Forward
Line #Left WingCenterRight WingPHYDFOFWanted %Time %Time Play
1Fredrik OlofssonSean CouturierAlexander Holtz1044436%18:11
2Fredrik OlofssonTyler BozakDavid Gust4013221%10:50
3Carsen TwarynskiElliot DesnoyersLukas Rousek2301629%14:52
4Elliot DesnoyersTyler BozakSpencer Smallman212813%6:36
5 vs 5 Defense
Line #DefenseDefensePHYDFOFWanted %Time %Time Play
1Oliver KylingtonRobbie Russo1134538%19:18
2Robin SaloMichael Kesselring1133027%13:29
3Robin SaloOliver Kylington3202016%8:19
4Michael KesselringCole McWard122519%9:23
Power Play Forward
Line #Left WingCenterRight WingPHYDFOFWanted %Time %Time Play
1Sean CouturierFredrik OlofssonTyler Bozak1137067%3:59
2Fredrik OlofssonTyler BozakElliot Desnoyers1043033%1:58
Power Play Defense
Line #DefenseDefensePHYDFOFWanted %Time %Time Play
1Michael KesselringRobin Salo0236368%4:03
2Oliver KylingtonMichael Kesselring1223732%1:54
Penalty Kill 4 Players Forward
Line #CenterWingPHYDFOFWanted %Time %Time Play
1Tyler BozakFredrik Olofsson13160100%3:34
2Tyler BozakFredrik Olofsson140400%0:00
Penalty Kill 4 Players Defense
Line #DefenseDefensePHYDFOFWanted %Time %Time Play
1Michael KesselringOliver Kylington1226063%2:15
2Robin SaloMichael Kesselring1224037%1:19
Penalty Kill 3 Players
Line #WingPHYDFOFWanted %Time %Time PlayDefenseDefensePHYDFOFWanted %Time %Time Play
1Tyler Bozak140510%0:00 Michael KesselringOliver Kylington122600%0:00
2Tyler Bozak041490%0:00 Oliver KylingtonMichael Kesselring122400%0:00
4 vs 4 Forward
Line #CenterWingPHYDFOFWanted %Time %Time Play
1Tyler BozakFredrik Olofsson113600%0:00
2Tyler BozakFredrik Olofsson113400%0:00
4 vs 4 Defense
Line #DefensePHYDFOFWanted %Time %Time Play
1Michael KesselringRobin Salo122600%0:00
2Robin SaloMichael Kesselring122400%0:00
Last Minutes Offensive
Left WingCenterRight WingDefenseDefense
Fredrik OlofssonSean CouturierTyler BozakOliver KylingtonMichael Kesselring
Last Minutes Defensive
Left WingCenterRight WingDefenseDefense
Fredrik OlofssonSean CouturierTyler BozakOliver KylingtonMichael Kesselring
Time
Total ForwardTotal DefenseLast Minutes OffensiveLast Minutes Defensive
60:00 60:00 0:000:00
Extra Forwards
Normal PowerPlayPenalty Kill
Tyler Bozak, Spencer Smallman, Elliot DesnoyersFredrik Olofsson, Spencer SmallmanTyler Bozak
Extra Defensemen
Normal PowerPlayPenalty Kill
Michael Kesselring, Robin Salo, Oliver KylingtonMichael Kesselring, Michael KesselringRobin Salo
Penalty Shots
Spencer Smallman, Fredrik Olofsson, Sean Couturier, Tyler Bozak, Elliot Desnoyers
Goalie
Jet Greaves, Vadim Zherenko
Scratches
Akil Thomas (Healthy), Martin Pospisil (Healthy), Louie Belpedio (Lacerated Right Calf Injury), Michal Teply (Healthy), Colin Theisen (Healthy) Nick Cicek (Healthy), Thomas Bordeleau (Healthy), Albert Johansson (Healthy), Arshdeep Bains (Healthy), Georgii Merkulov (Healthy) Louis Crevier (Healthy), Parker Ford (Healthy), Pavol Regenda (Healthy), Shakir Mukhamadullin (Healthy), Carey Price (Healthy) Calle Clang (Healthy)

IceHogs

5 vs 5 Forward
Line #Left WingCenterRight WingPHYDFOFWanted %Time %Time Play
1Curtis McKenzieMason ShawJoël Teasdale0234036%18:06
2Kyle RauAndrew AgozzinoPierrick Dubé0233029%14:35
3Luke StevensJean-Sébastien DeaZach O'Brien0322019%9:35
4Graham McPheeDylan McLaughlinZach Jordan0321016%8:13
5 vs 5 Defense
Line #DefenseDefensePHYDFOFWanted %Time %Time Play
1Victor SoderstromNick DeSimone0324040%19:59
2Cameron GaunceAlex Peters0323034%17:02
3Tommy CrossAnthony Bitetto0322022%11:01
4Victor SoderstromNick DeSimone032105%2:27
Power Play Forward
Line #Left WingCenterRight WingPHYDFOFWanted %Time %Time Play
1Curtis McKenzieMason ShawJoël Teasdale1226061%2:10
2Kyle RauAndrew AgozzinoPierrick Dubé1224039%1:24
Power Play Defense
Line #DefenseDefensePHYDFOFWanted %Time %Time Play
1Victor SoderstromNick DeSimone1226051%1:50
2Cameron GaunceAlex Peters1224049%1:44
Penalty Kill 4 Players Forward
Line #CenterWingPHYDFOFWanted %Time %Time Play
1Mason ShawCurtis McKenzie1226085%5:05
2Andrew AgozzinoKyle Rau1224015%0:52
Penalty Kill 4 Players Defense
Line #DefenseDefensePHYDFOFWanted %Time %Time Play
1Victor SoderstromNick DeSimone1226066%3:54
2Cameron GaunceAlex Peters1224034%2:03
Penalty Kill 3 Players
Line #WingPHYDFOFWanted %Time %Time PlayDefenseDefensePHYDFOFWanted %Time %Time Play
1Mason Shaw122600%0:00 Victor SoderstromNick DeSimone122600%0:00
2Andrew Agozzino122400%0:00 Cameron GaunceAlex Peters122400%0:00
4 vs 4 Forward
Line #CenterWingPHYDFOFWanted %Time %Time Play
1Mason ShawCurtis McKenzie122600%0:00
2Andrew AgozzinoKyle Rau122400%0:00
4 vs 4 Defense
Line #DefensePHYDFOFWanted %Time %Time Play
1Victor SoderstromNick DeSimone122600%0:00
2Cameron GaunceAlex Peters122400%0:00
Last Minutes Offensive
Left WingCenterRight WingDefenseDefense
Curtis McKenzieMason ShawJoël TeasdaleVictor SoderstromNick DeSimone
Last Minutes Defensive
Left WingCenterRight WingDefenseDefense
Curtis McKenzieMason ShawJoël TeasdaleVictor SoderstromNick DeSimone
Time
Total ForwardTotal DefenseLast Minutes OffensiveLast Minutes Defensive
60:00 60:00 0:000:00
Extra Forwards
Normal PowerPlayPenalty Kill
Jean-Sébastien Dea, Joël Teasdale, Pierrick DubéJean-Sébastien Dea, Joël TeasdaleJean-Sébastien Dea
Extra Defensemen
Normal PowerPlayPenalty Kill
Alex Peters, Tommy Cross, Anthony BitettoAlex Peters, Alex PetersTommy Cross
Penalty Shots
Mason Shaw, Curtis McKenzie, Andrew Agozzino, Kyle Rau, Jean-Sébastien Dea
Goalie
Filip Gustavsson, Antti Raanta
Scratches
Luke Johnson (Back Injury), Riley Tufte (Healthy), Jimmy Oligny (Healthy), Isaac Johnson (Healthy), Samuel Dove-McFalls (Healthy) Chris Ortiz (Healthy), Daniil Zhuravlyov (Healthy), John Beecher (Broken Right Foot Toe Injury), Cory Schneider (Healthy), Aaron Dell (Healthy) John Lethemon (Healthy)


Play-by-Play

1st period


0:01 of 1st period - Mason Shaw wins face-off versus Sean Couturier in neutral zone.
0:50 of 1st period - Slapshot by Fredrik Olofsson.
0:50 of 1st period - Stopped by Filip Gustavsson with a rebound.
0:52 of 1st period - Wrist shot by Tyler Bozak.
0:52 of 1st period - Stopped by Filip Gustavsson with a rebound.
0:54 of 1st period - Slapshot by David Gust.
0:54 of 1st period - Shot Blocked by Nick DeSimone.
2:13 of 1st period - Wrist shot by Alexander Holtz.
2:13 of 1st period - Deflect By Curtis McKenzie.
2:13 of 1st period - Stopped by Filip Gustavsson with a rebound.
2:23 of 1st period - Snap shot by Alexander Holtz.
2:23 of 1st period - Stopped by Filip Gustavsson without a rebound.
2:24 of 1st period - Andrew Agozzino wins face-off versus Elliot Desnoyers in IceHogs zone.
2:49 of 1st period - Tommy Cross is hit by Tyler Bozak and loses puck.
3:14 of 1st period - Backhand shot by Graham McPhee.
3:14 of 1st period - Shot Misses the Net.
4:12 of 1st period - Mason Shaw is hit by Ryan Jones and loses puck.
5:07 of 1st period - Cole McWard is hit by Dylan McLaughlin.
5:44 of 1st period - Fredrik Olofsson is hit by Anthony Bitetto.
6:02 of 1st period - Spencer Smallman is hit by Luke Stevens and loses puck.
6:28 of 1st period - Graham McPhee is hit by David Gust and loses puck.
7:03 of 1st period - Robin Salo is hit by Tommy Cross and loses puck.
7:20 of 1st period - Wrist shot by Jean-Sébastien Dea.
7:20 of 1st period - Shot Misses the Net.
7:34 of 1st period - Tyler Bozak is hit by Dylan McLaughlin and loses puck.
7:41 of 1st period - Fredrik Olofsson is hit by Dylan McLaughlin and loses puck.
8:46 of 1st period - Snap shot by Jean-Sébastien Dea.
8:46 of 1st period - Deflect By Luke Stevens.
8:46 of 1st period - Shot Misses the Net.
8:46 of 1st period - Puck is out of play.
8:47 of 1st period - Jean-Sébastien Dea wins face-off versus Nathan Smith in Reign zone.
8:48 of 1st period - Snap shot by Zach O'Brien.
8:48 of 1st period - Shot Misses the Net.
8:50 of 1st period - Slapshot by Tommy Cross.
8:50 of 1st period - Shot Misses the Net.
8:52 of 1st period - Wrist shot by Tommy Cross.
8:52 of 1st period - Shot Blocked by Robin Salo.
8:54 of 1st period - Backhand shot by Tommy Cross.
8:54 of 1st period - Shot Hit the Post.
8:56 of 1st period - Wrist shot by Jean-Sébastien Dea.
8:56 of 1st period - Stopped by Jet Greaves with a rebound.
9:26 of 1st period - Icing by Andrew Agozzino.
9:27 of 1st period - Mason Shaw wins face-off versus Sean Couturier in IceHogs zone.
9:53 of 1st period - Off-side.
9:54 of 1st period - Andrew Agozzino wins face-off versus Elliot Desnoyers in neutral zone.
10:19 of 1st period - Mason Shaw is hit by Fredrik Olofsson and loses puck.
11:05 of 1st period - Minor Penalty to Tyler Bozak for Roughing.
11:06 of 1st period - Sean Couturier wins face-off versus Mason Shaw in Reign zone.
11:10 of 1st period - Slapshot by Oliver Kylington.
11:10 of 1st period - Stopped by Filip Gustavsson with a rebound.
11:18 of 1st period - Wrist shot by Mason Shaw.
11:18 of 1st period - Shot Blocked by Oliver Kylington.
11:22 of 1st period - Snap shot by Mason Shaw.
11:22 of 1st period - Stopped by Jet Greaves with a rebound.
13:05 of 1st period - Penalty to Tyler Bozak is over, Tyler Bozak is back on ice.
13:13 of 1st period - Spencer Smallman is hit by Jean-Sébastien Dea and loses puck.
13:22 of 1st period - Wrist shot by Jean-Sébastien Dea.
13:22 of 1st period - Shot Blocked by Cole McWard.
15:03 of 1st period - Victor Soderstrom is hit by Michael Kesselring and loses puck.
16:30 of 1st period - Fredrik Olofsson is hit by Jean-Sébastien Dea and loses puck.
16:56 of 1st period - Icing by Tommy Cross.
16:57 of 1st period - Tyler Bozak wins face-off versus Mason Shaw in IceHogs zone.
17:08 of 1st period - Slapshot by Kyle Rau.
17:08 of 1st period - Deflect By Pierrick Dubé.
17:08 of 1st period - Stopped by Jet Greaves with a rebound.
17:22 of 1st period - Snap shot by Joël Teasdale.
17:22 of 1st period - Goal by Joël Teasdale - Reign : 0 - IceHogs : 1.
17:23 of 1st period - Mason Shaw wins face-off versus Sean Couturier in neutral zone.
18:04 of 1st period - Snap shot by Robin Salo.
18:04 of 1st period - Stopped by Filip Gustavsson with a rebound.
18:20 of 1st period - Sean Couturier is hit by Pierrick Dubé and loses puck.
19:19 of 1st period - Slapshot by Zach O'Brien.
19:19 of 1st period - Stopped by Jet Greaves with a rebound.
19:29 of 1st period - Snap shot by Kyle Rau.
19:29 of 1st period - Stopped by Jet Greaves with a rebound.
19:31 of 1st period - Wrist shot by Kyle Rau.
19:31 of 1st period - Stopped by Jet Greaves with a rebound.
19:33 of 1st period - Slapshot by Tommy Cross.
19:33 of 1st period - Shot Blocked by Oliver Kylington.
19:35 of 1st period - Snap shot by Anthony Bitetto.
19:35 of 1st period - Shot Blocked by Spencer Smallman.
19:37 of 1st period - Snap shot by Pierrick Dubé.
19:37 of 1st period - Shot Misses the Net.
Goals for this period are 0 for Reign vs 1 for IceHogs.
Shots for this period are 6 for Reign vs 7 for IceHogs.

2nd period


0:01 of 2nd period - Mason Shaw wins face-off versus Sean Couturier in neutral zone.
0:16 of 2nd period - Wrist shot by Alexander Holtz.
0:16 of 2nd period - Stopped by Filip Gustavsson with a rebound.
0:46 of 2nd period - Snap shot by Pierrick Dubé.
0:46 of 2nd period - Stopped by Jet Greaves with a rebound.
0:48 of 2nd period - Slapshot by Nick DeSimone.
0:48 of 2nd period - Shot Misses the Net.
0:58 of 2nd period - Wrist shot by Zach O'Brien.
0:58 of 2nd period - Goal by Zach O'Brien - Reign : 0 - IceHogs : 2.
0:59 of 2nd period - Mason Shaw wins face-off versus Alexander Holtz in neutral zone.
1:08 of 2nd period - Snap shot by Mason Shaw.
1:08 of 2nd period - Stopped by Jet Greaves with a rebound.
1:10 of 2nd period - Wrist shot by Joël Teasdale.
1:10 of 2nd period - Stopped by Jet Greaves with a rebound.
1:12 of 2nd period - Slapshot by Joël Teasdale.
1:12 of 2nd period - Stopped by Jet Greaves without a rebound.
1:13 of 2nd period - Mason Shaw wins face-off versus Tyler Bozak in Reign zone.
1:14 of 2nd period - Snap shot by Curtis McKenzie.
1:14 of 2nd period - Shot Misses the Net.
1:16 of 2nd period - Slapshot by Victor Soderstrom.
1:16 of 2nd period - Deflect By Joël Teasdale.
1:16 of 2nd period - Shot Misses the Net.
1:16 of 2nd period - Puck is out of play.
1:17 of 2nd period - Mason Shaw wins face-off versus Tyler Bozak in Reign zone.
1:30 of 2nd period - Snap shot by David Gust.
1:30 of 2nd period - Shot Misses the Net.
1:54 of 2nd period - Slapshot by Kyle Rau.
1:54 of 2nd period - Shot Misses the Net.
2:01 of 2nd period - Icing by Oliver Kylington.
2:02 of 2nd period - Jean-Sébastien Dea wins face-off versus Sean Couturier in Reign zone.
2:15 of 2nd period - Slapshot by Luke Stevens.
2:15 of 2nd period - Stopped by Jet Greaves with a rebound.
2:17 of 2nd period - Snap shot by Alex Peters.
2:17 of 2nd period - Stopped by Jet Greaves with a rebound.
2:49 of 2nd period - Slapshot by Oliver Kylington.
2:49 of 2nd period - Stopped by Filip Gustavsson with a rebound.
3:39 of 2nd period - Slapshot by Mason Shaw.
3:39 of 2nd period - Goal by Mason Shaw - Reign : 0 - IceHogs : 3.
3:40 of 2nd period - Mason Shaw wins face-off versus Alexander Holtz in neutral zone.
3:56 of 2nd period - Snap shot by Alexander Holtz.
3:56 of 2nd period - Goal by Alexander Holtz - Reign : 1 - IceHogs : 3.
3:57 of 2nd period - Mason Shaw wins face-off versus Sean Couturier in neutral zone.
4:12 of 2nd period - Snap shot by Mason Shaw.
4:12 of 2nd period - Shot Misses the Net.
4:46 of 2nd period - Robin Salo is hit by Alex Peters.
4:58 of 2nd period - Slapshot by Alexander Holtz.
4:58 of 2nd period - Stopped by Filip Gustavsson without a rebound.
4:59 of 2nd period - Tyler Bozak wins face-off versus Mason Shaw in IceHogs zone.
5:04 of 2nd period - Slapshot by Elliot Desnoyers.
5:04 of 2nd period - Shot Blocked by Nick DeSimone.
5:06 of 2nd period - Slapshot by Michael Kesselring.
5:06 of 2nd period - Stopped by Filip Gustavsson with a rebound.
5:08 of 2nd period - Wrist shot by Tyler Bozak.
5:08 of 2nd period - Shot Misses the Net.
5:10 of 2nd period - Snap shot by Elliot Desnoyers.
5:10 of 2nd period - Stopped by Filip Gustavsson with a rebound.
5:23 of 2nd period - Minor Penalty to Victor Soderstrom for Tripping.
5:24 of 2nd period - Mason Shaw wins face-off versus Fredrik Olofsson in IceHogs zone.
5:26 of 2nd period - Slapshot by Tyler Bozak.
5:26 of 2nd period - Stopped by Filip Gustavsson with a rebound.
5:36 of 2nd period - Wrist shot by Mason Shaw.
5:36 of 2nd period - Shot Misses the Net.
5:40 of 2nd period - Snap shot by Curtis McKenzie.
5:40 of 2nd period - Stopped by Jet Greaves with a rebound.
6:07 of 2nd period - Sean Couturier is hit by Tommy Cross and loses puck.
7:23 of 2nd period - Penalty to Victor Soderstrom is over, Victor Soderstrom is back on ice.
8:17 of 2nd period - Minor Penalty to Mason Shaw for Holding.
8:18 of 2nd period - Jean-Sébastien Dea wins face-off versus Fredrik Olofsson in IceHogs zone.
9:39 of 2nd period - Victor Soderstrom is hit by Carsen Twarynski and loses puck.
10:17 of 2nd period - Penalty to Mason Shaw is over, Mason Shaw is back on ice.
10:32 of 2nd period - Snap shot by Luke Stevens.
10:32 of 2nd period - Stopped by Jet Greaves with a rebound.
10:50 of 2nd period - Snap shot by David Gust.
10:50 of 2nd period - Shot Blocked by Graham McPhee.
10:52 of 2nd period - Slapshot by Cole McWard.
10:52 of 2nd period - Stopped by Filip Gustavsson with a rebound.
11:29 of 2nd period - Zach O'Brien is hit by Spencer Smallman and loses puck.
12:02 of 2nd period - Lukas Rousek is hit by Zach Jordan and loses puck.
12:47 of 2nd period - Alexander Holtz is hit by Andrew Agozzino and loses puck.
13:43 of 2nd period - Spencer Smallman is hit by Pierrick Dubé and loses puck.
13:50 of 2nd period - Snap shot by Kyle Rau.
13:50 of 2nd period - Shot Misses the Net.
13:52 of 2nd period - Wrist shot by Andrew Agozzino.
13:52 of 2nd period - Stopped by Jet Greaves with a rebound.
14:04 of 2nd period - Icing by Robin Salo.
14:05 of 2nd period - Spencer Smallman wins face-off versus Mason Shaw in Reign zone.
14:05 of 2nd period - Spencer Smallman is hit by Nick DeSimone.
14:31 of 2nd period - Slapshot by David Gust.
14:31 of 2nd period - Shot Misses the Net.
14:33 of 2nd period - Wrist shot by Tyler Bozak.
14:33 of 2nd period - Shot Misses the Net.
14:44 of 2nd period - Off-side.
14:45 of 2nd period - Jean-Sébastien Dea wins face-off versus Sean Couturier in neutral zone.
14:52 of 2nd period - Slapshot by Alexander Holtz.
14:52 of 2nd period - Goal by Alexander Holtz - Reign : 2 - IceHogs : 3.
14:53 of 2nd period - Mason Shaw wins face-off versus Sean Couturier in neutral zone.
15:39 of 2nd period - Slapshot by Lukas Rousek.
15:39 of 2nd period - Stopped by Filip Gustavsson without a rebound.
15:40 of 2nd period - Elliot Desnoyers wins face-off versus Luke Stevens in IceHogs zone.
15:51 of 2nd period - Snap shot by Zach O'Brien.
15:51 of 2nd period - Stopped by Jet Greaves with a rebound.
15:53 of 2nd period - Slapshot by Victor Soderstrom.
15:53 of 2nd period - Deflect By Lukas Rousek.
15:53 of 2nd period - Stopped by Jet Greaves with a rebound.
15:55 of 2nd period - Snap shot by Luke Stevens.
15:55 of 2nd period - Shot Misses the Net.
15:57 of 2nd period - Snap shot by Nick DeSimone.
15:57 of 2nd period - Stopped by Jet Greaves with a rebound.
16:17 of 2nd period - Snap shot by Jean-Sébastien Dea.
16:17 of 2nd period - Shot Blocked by Carsen Twarynski.
16:19 of 2nd period - Wrist shot by Jean-Sébastien Dea.
16:19 of 2nd period - Shot Misses the Net.
16:21 of 2nd period - Slapshot by Alex Peters.
16:21 of 2nd period - Deflect By Jean-Sébastien Dea.
16:21 of 2nd period - Shot Misses the Net.
16:21 of 2nd period - Puck is out of play.
16:22 of 2nd period - Tyler Bozak wins face-off versus Mason Shaw in Reign zone.
17:39 of 2nd period - Snap shot by Curtis McKenzie.
17:39 of 2nd period - Stopped by Jet Greaves with a rebound.
17:41 of 2nd period - Slapshot by Luke Stevens.
17:41 of 2nd period - Stopped by Jet Greaves with a rebound.
17:43 of 2nd period - Slapshot by Jean-Sébastien Dea.
17:43 of 2nd period - Goal by Jean-Sébastien Dea - Reign : 2 - IceHogs : 4.
17:44 of 2nd period - Mason Shaw wins face-off versus Tyler Bozak in neutral zone.
18:07 of 2nd period - Elliot Desnoyers is hit by Pierrick Dubé and loses puck.
18:17 of 2nd period - Minor Penalty to Nick DeSimone for Tripping.
18:18 of 2nd period - Fredrik Olofsson wins face-off versus Mason Shaw in IceHogs zone.
19:18 of 2nd period - Wrist shot by Carsen Twarynski.
19:18 of 2nd period - Shot Blocked by Cameron Gaunce.
Goals for this period are 2 for Reign vs 3 for IceHogs.
Shots for this period are 10 for Reign vs 17 for IceHogs.

3rd period


0:01 of 3rd period - Mason Shaw wins face-off versus Fredrik Olofsson in neutral zone.
0:17 of 3rd period - Penalty to Nick DeSimone is over, Nick DeSimone is back on ice.
1:27 of 3rd period - Wrist shot by Dylan McLaughlin.
1:27 of 3rd period - Stopped by Jet Greaves with a rebound.
3:13 of 3rd period - Wrist shot by Mason Shaw.
3:13 of 3rd period - Stopped by Jet Greaves without a rebound.
3:14 of 3rd period - Sean Couturier wins face-off versus Andrew Agozzino in Reign zone.
3:21 of 3rd period - Victor Soderstrom is hit by Sean Couturier and loses puck.
3:46 of 3rd period - Elliot Desnoyers is hit by Tommy Cross and loses puck.
3:51 of 3rd period - Wrist shot by Mason Shaw.
3:51 of 3rd period - Deflect By Curtis McKenzie.
3:51 of 3rd period - Shot Misses the Net.
3:51 of 3rd period - Puck is out of play.
3:52 of 3rd period - Mason Shaw wins face-off versus Tyler Bozak in Reign zone.
4:03 of 3rd period - Wrist shot by Mason Shaw.
4:03 of 3rd period - Shot Blocked by Robbie Russo.
4:24 of 3rd period - Off-side.
4:25 of 3rd period - Andrew Agozzino wins face-off versus Elliot Desnoyers in neutral zone.
4:34 of 3rd period - Wrist shot by Pierrick Dubé.
4:34 of 3rd period - Shot Blocked by Lukas Rousek.
4:36 of 3rd period - Snap shot by Pierrick Dubé.
4:36 of 3rd period - Shot Misses the Net.
5:14 of 3rd period - Wrist shot by Alexander Holtz.
5:14 of 3rd period - Deflect By Fredrik Olofsson.
5:14 of 3rd period - Stopped by Filip Gustavsson without a rebound.
5:15 of 3rd period - Andrew Agozzino wins face-off versus Alexander Holtz in IceHogs zone.
5:15 of 3rd period - Andrew Agozzino is hit by Alexander Holtz.
5:29 of 3rd period - Snap shot by Andrew Agozzino.
5:29 of 3rd period - Stopped by Jet Greaves without a rebound.
5:30 of 3rd period - Tyler Bozak wins face-off versus Mason Shaw in Reign zone.
6:00 of 3rd period - Slapshot by Pierrick Dubé.
6:00 of 3rd period - Shot Misses the Net.
6:18 of 3rd period - Robbie Russo is hit by Zach O'Brien and loses puck.
6:23 of 3rd period - Wrist shot by Jean-Sébastien Dea.
6:23 of 3rd period - Shot Misses the Net.
6:38 of 3rd period - Off-side.
6:39 of 3rd period - Dylan McLaughlin wins face-off versus Tyler Bozak in neutral zone.
6:42 of 3rd period - Slapshot by Victor Soderstrom.
6:42 of 3rd period - Deflect By Zach Jordan.
6:42 of 3rd period - Goal by Zach Jordan - Reign : 2 - IceHogs : 5.
6:43 of 3rd period - Tyler Bozak wins face-off versus Mason Shaw in neutral zone.
7:11 of 3rd period - Off-side.
7:12 of 3rd period - Elliot Desnoyers wins face-off versus Andrew Agozzino in neutral zone.
7:25 of 3rd period - Kyle Rau is hit by Elliot Desnoyers.
7:31 of 3rd period - Snap shot by Kyle Rau.
7:31 of 3rd period - Goal by Kyle Rau - Reign : 2 - IceHogs : 6.
7:31 of 3rd period - Vadim Zherenko enters game.
7:32 of 3rd period - Mason Shaw wins face-off versus Sean Couturier in neutral zone.
7:35 of 3rd period - Slapshot by Nick DeSimone.
7:35 of 3rd period - Shot Misses the Net.
7:37 of 3rd period - Slapshot by Nick DeSimone.
7:37 of 3rd period - Deflect By Mason Shaw.
7:37 of 3rd period - Shot Blocked by Robin Salo.
7:37 of 3rd period - Puck is out of play.
7:38 of 3rd period - Sean Couturier wins face-off versus Mason Shaw in Reign zone.
7:54 of 3rd period - Alexander Holtz is hit by Mason Shaw and loses puck.
8:15 of 3rd period - Wrist shot by Elliot Desnoyers.
8:15 of 3rd period - Goal by Elliot Desnoyers - Reign : 3 - IceHogs : 6.
8:16 of 3rd period - Tyler Bozak wins face-off versus Mason Shaw in neutral zone.
8:18 of 3rd period - Joël Teasdale and Michael Kesselring fight to a draw.
8:18 of 3rd period - Penalty to Joël Teasdale for Fighting.
8:18 of 3rd period - Penalty to Michael Kesselring for Fighting.
8:19 of 3rd period - Jean-Sébastien Dea wins face-off versus Tyler Bozak in IceHogs zone.
8:30 of 3rd period - Snap shot by Mason Shaw.
8:30 of 3rd period - Stopped by Vadim Zherenko without a rebound.
8:31 of 3rd period - Mason Shaw wins face-off versus Tyler Bozak in Reign zone.
8:56 of 3rd period - Elliot Desnoyers is hit by Kyle Rau and loses puck.
9:23 of 3rd period - Slapshot by Fredrik Olofsson.
9:23 of 3rd period - Stopped by Filip Gustavsson without a rebound.
9:24 of 3rd period - Sean Couturier wins face-off versus Dylan McLaughlin in IceHogs zone.
10:12 of 3rd period - Alex Peters is hit by Alexander Holtz and loses puck.
10:45 of 3rd period - Slapshot by Zach Jordan.
10:45 of 3rd period - Deflect By Oliver Kylington.
10:45 of 3rd period - Shot Blocked by Oliver Kylington.
10:45 of 3rd period - Puck is out of play.
10:46 of 3rd period - Sean Couturier wins face-off versus Mason Shaw in Reign zone.
10:53 of 3rd period - Wrist shot by Alexander Holtz.
10:53 of 3rd period - Stopped by Filip Gustavsson with a rebound.
11:01 of 3rd period - Snap shot by Curtis McKenzie.
11:01 of 3rd period - Shot Blocked by Robin Salo.
11:11 of 3rd period - Lukas Rousek is hit by Zach Jordan and loses puck.
11:36 of 3rd period - Sean Couturier is hit by Andrew Agozzino and loses puck.
11:57 of 3rd period - Tyler Bozak is hit by Mason Shaw and loses puck.
12:06 of 3rd period - Slapshot by Alexander Holtz.
12:06 of 3rd period - Goal by Alexander Holtz - Reign : 4 - IceHogs : 6.
12:07 of 3rd period - Sean Couturier wins face-off versus Mason Shaw in neutral zone.
12:10 of 3rd period - Snap shot by Robbie Russo.
12:10 of 3rd period - Shot Blocked by Curtis McKenzie.
12:18 of 3rd period - Alexander Holtz is hit by Nick DeSimone and loses puck.
12:33 of 3rd period - Victor Soderstrom is hit by Lukas Rousek and loses puck.
12:54 of 3rd period - David Gust is hit by Zach Jordan and loses puck.
12:59 of 3rd period - Backhand shot by Zach Jordan.
12:59 of 3rd period - Stopped by Vadim Zherenko with a rebound.
13:01 of 3rd period - Snap shot by Graham McPhee.
13:01 of 3rd period - Shot Misses the Net.
13:03 of 3rd period - Slapshot by Alex Peters.
13:03 of 3rd period - Stopped by Vadim Zherenko without a rebound.
13:04 of 3rd period - Mason Shaw wins face-off versus Elliot Desnoyers in Reign zone.
13:09 of 3rd period - Slapshot by Curtis McKenzie.
13:09 of 3rd period - Stopped by Vadim Zherenko with a rebound.
13:11 of 3rd period - Slapshot by Curtis McKenzie.
13:11 of 3rd period - Shot Misses the Net.
13:13 of 3rd period - Wrist shot by Curtis McKenzie.
13:13 of 3rd period - Deflect By Robin Salo.
13:13 of 3rd period - Shot Hit the Post.
13:13 of 3rd period - Puck is out of play.
13:14 of 3rd period - Mason Shaw wins face-off versus Elliot Desnoyers in Reign zone.
13:35 of 3rd period - Snap shot by Elliot Desnoyers.
13:35 of 3rd period - Stopped by Filip Gustavsson with a rebound.
13:48 of 3rd period - Snap shot by Mason Shaw.
13:48 of 3rd period - Shot Blocked by Robin Salo.
13:58 of 3rd period - Slapshot by Curtis McKenzie.
13:58 of 3rd period - Shot Misses the Net.
14:12 of 3rd period - Snap shot by Curtis McKenzie.
14:12 of 3rd period - Stopped by Vadim Zherenko with a rebound.
14:14 of 3rd period - Wrist shot by Alex Peters.
14:14 of 3rd period - Shot Misses the Net.
15:13 of 3rd period - Wrist shot by Curtis McKenzie.
15:13 of 3rd period - Stopped by Vadim Zherenko with a rebound.
15:19 of 3rd period - Snap shot by Mason Shaw.
15:19 of 3rd period - Shot Blocked by Oliver Kylington.
15:39 of 3rd period - Slapshot by Mason Shaw.
15:39 of 3rd period - Stopped by Vadim Zherenko without a rebound.
15:40 of 3rd period - Fredrik Olofsson wins face-off versus Andrew Agozzino in Reign zone.
15:51 of 3rd period - Slapshot by Pierrick Dubé.
15:51 of 3rd period - Deflect By Kyle Rau.
15:51 of 3rd period - Shot Hit the Post.
15:51 of 3rd period - Puck is out of play.
15:52 of 3rd period - Sean Couturier wins face-off versus Andrew Agozzino in Reign zone.
16:01 of 3rd period - Wrist shot by Sean Couturier.
16:01 of 3rd period - Stopped by Filip Gustavsson without a rebound.
16:02 of 3rd period - Andrew Agozzino wins face-off versus Fredrik Olofsson in IceHogs zone.
16:07 of 3rd period - Slapshot by Fredrik Olofsson.
16:07 of 3rd period - Stopped by Filip Gustavsson with a rebound.
16:09 of 3rd period - Wrist shot by Fredrik Olofsson.
16:09 of 3rd period - Shot Blocked by Kyle Rau.
16:15 of 3rd period - Snap shot by Sean Couturier.
16:15 of 3rd period - Stopped by Filip Gustavsson without a rebound.
16:16 of 3rd period - Andrew Agozzino wins face-off versus Sean Couturier in IceHogs zone.
16:46 of 3rd period - Off-side.
16:47 of 3rd period - Tyler Bozak wins face-off versus Dylan McLaughlin in neutral zone.
16:50 of 3rd period - Snap shot by David Gust.
16:50 of 3rd period - Shot Blocked by Anthony Bitetto.
16:52 of 3rd period - Snap shot by Michael Kesselring.
16:52 of 3rd period - Deflect By David Gust.
16:52 of 3rd period - Shot Misses the Net.
16:52 of 3rd period - Puck is out of play.
16:53 of 3rd period - Dylan McLaughlin wins face-off versus David Gust in IceHogs zone.
16:53 of 3rd period - Dylan McLaughlin is hit by David Gust.
18:18 of 3rd period - Snap shot by Dylan McLaughlin.
18:18 of 3rd period - Shot Misses the Net.
18:24 of 3rd period - Minor Penalty to Sean Couturier for Boarding.
18:25 of 3rd period - Tyler Bozak wins face-off versus Mason Shaw in Reign zone.
18:36 of 3rd period - Snap shot by Mason Shaw.
18:36 of 3rd period - Stopped by Vadim Zherenko without a rebound.
18:37 of 3rd period - Tyler Bozak wins face-off versus Mason Shaw in Reign zone.
Goals for this period are 2 for Reign vs 2 for IceHogs.
Shots for this period are 9 for Reign vs 13 for IceHogs.